 Dungeon Crawl Stone Soup version 0.30-a0-29-g142975f185 (webtiles) character file.

Game seed: 10341208585478589838

63 frimble the Gusty (level 3, -4/21 (26) HPs)
             Began as a Demonspawn Air Elementalist on Aug 26, 2022.
             Slain by a necrophage (6 damage)
             ... on level 2 of the Dungeon.
             The game lasted 00:02:48 (2049 turns).

frimble the Gusty (Demonspawn Air Elementalist)     Turns: 2049, Time: 00:02:49

HP:   -4/21 (26)    AC:  2    Str:  8    XL:     3   Next: 87%
MP:   5/6           EV: 12    Int: 18    God:
Gold: 55            SH:  0    Dex: 19    Spells: 5/6 levels left

rFire   . . .      SeeInvis .    e - +0 dagger
rCold   . . .      Faith    .    (no shield)
rNeg    . . .      Spirit   .    a - +0 robe
rPois   .          Reflect  .    (no helmet)
rElec   .          Harm     .    (no cloak)
rCorr   .          Rampage  .    (no gloves)
Will    .....                    (no boots)
Stlth   ++........               (no amulet)
HPRegen 0.07/turn                d - +6 ring of dexterity
MPRegen 0.10/turn                (no ring)

@: heavily drained
A: foul stench 1
a: no special abilities


You were on level 2 of the Dungeon.
You visited 1 branch of the dungeon, and saw 3 of its levels.

You collected 55 gold pieces.

Inventory:

Hand Weapons
 e - a +0 dagger (weapon)
Armour
 a - a +0 robe (worn)
Jewellery
 d - a +6 ring of dexterity (left hand)
Potions
 b - a potion of magic
 i - a potion of heal wounds {unknown}


   Skills:
 + Level 1.2 Fighting
 + Level 1.1 Short Blades
 - Level 2.0 Dodging
 - Level 2.0 Stealth
 - Level 2.2 Spellcasting
 + Level 2.0 Conjurations
 - Level 3.0 Air Magic


You had 5 spell levels left.
You knew the following spells:

 Your Spells              Type           Power      Damage    Failure   Level
a - Shock                 Conj/Air       44%        1d5       6%          1

Your spell library contained the following spells:

 Spells                   Type           Power      Damage    Failure   Level
 Static Discharge         Conj/Air       22%        3-5/arc   10%         2
 Swiftness                Air            12%        N/A       16%         3
 Airstrike                Air            6%         2d(1-17)  45%         4
 Sticky Flame             Conj/Fire      5%         2d3       75%         4
 Dispel Undead            Necr           1%         3d6       87%         4


Dungeon Overview and Level Annotations

Branches:
Dungeon (3/15)

Altars:

Annotations:
D:2 Terence


Innate Abilities, Weirdness & Mutations

You may rarely emit foul miasma when damaged in melee.


Message History

You bump into the rock wall.
The necrophage barely misses you.
You feel less invigorated.
You feel less confused.
You hit the necrophage.
The necrophage is heavily damaged.
The necrophage barely misses you.
You barely miss the necrophage.
The necrophage is heavily damaged.
The necrophage hits you.
You hit the necrophage.
The necrophage is heavily damaged.
You hit the necrophage but do no damage.
The necrophage is heavily damaged.
The necrophage barely misses you.
You barely miss the necrophage.
The necrophage is heavily damaged.
The necrophage misses you.
You hit the necrophage.
The necrophage is heavily damaged.
The necrophage misses you.
You hit the necrophage but do no damage.
The necrophage is heavily damaged.
The necrophage hits you.
You hit the necrophage but do no damage.
The necrophage is heavily damaged.
The necrophage closely misses you.
You closely miss the necrophage.
The necrophage is heavily damaged.
The necrophage hits you.
You feel drained.
You hit the necrophage but do no damage.
The necrophage is heavily damaged.
The necrophage hits you.
* * * LOW HITPOINT WARNING * * *
Aiming: Shock (safe; 6% risk of failure)
Press: ? - help, Q - select action Shift-Dir - straight line, f/p - necrophage
Aim: a necrophage (heavily damaged, 68% to hit)
The zap hits the necrophage.
The necrophage is severely damaged.
The necrophage hits you.
You die...

#.....n####..(.....#.#
#..J...............#.#
#.......#####......).#.#
###.....# ##..........#
#!....# #...........#
#$....# #)..######.##
#.....# #......†..>#
#...!.####....#######
#.....#@n.......
#.#####.## ###.....#..
#....<#.### #.#...#.#
#.#.#.#.# #.#.#.#.#
#.#.#.#.# #.#.#.#.#


You could see a necrophage.

Vanquished Creatures
  2 gnolls (D:2)
  An adder (D:2)
  A dart slug (D:1)
  6 bats
  2 endoplasms
  2 giant cockroaches (D:1)
  6 hobgoblins
  A jackal (D:2)
  A quokka (D:1)
  2 ball pythons (D:1)
  2 frilled lizards (D:1)
  2 goblins (D:1)
  A kobold (D:1)
  5 rats (D:1)
34 creatures vanquished.

Notes
Turn   | Place    | Note
-------+----------+-------------------------------------------
     0 | D:1      | frimble the Demonspawn Air Elementalist began the quest for
                  | the Orb.
     0 | D:1      | Reached XP level 1. HP: 13/13 MP: 3/3
   422 | D:1      | Gained mutation: You may rarely emit foul miasma when
                  | damaged in melee. [demonic ancestry]
   422 | D:1      | Reached XP level 2. HP: 11/19 MP: 0/5
   608 | D:1      | Found a faded altar of an unknown god.
  1067 | D:1      | You fall into a shaft and drop 1 floor!
  1085 | D:2      | Reached skill level 3 in Air Magic
  1085 | D:2      | Reached XP level 3. HP: 14/25 MP: 1/6
  1205 | D:2      | Reached skill level 1 in Fighting
  1205 | D:2      | Reached skill level 1 in Short Blades
  1371 | D:2      | Noticed a necrophage
  1379 | D:2      | Noticed Terence
  2035 | D:2      | HP: 1/22 [necrophage (4)]
  2049 | D:2      | Slain by a necrophage

Illustrated notes

Levels and vault maps discovered:
D:1:      ebering_trefoil_twist, layout_basic,
          hellmonk_ecumenical_altar_defaced_shrine, minmay_misc_feat_plants,
          ebering_dispersal_statue_hall, minmay_hexomino_f4
D:2:      layout_basic, uniq_terence
D:3:      layout_rooms, mainiacjoe_overflow_catwalk, nrook_mini_backslash,
          uniq_natasha

Skill      XL: |  1  2  3 |
---------------+----------+-----
Stealth        | 2 |  2.0
Dodging        | 2 |  2.0
Air Magic      | 3 |  3.0
Fighting       | 1 |  1.2
Short Blades   | 1 |  1.1
Conjurations   | 2 |  2.0
Spellcasting   | |  2.2

Action                   || total
-------------------------++-------
Melee: Unarmed           ||    54
       Dagger            ||    71
       Punch             ||     1
 Cast: Shock             ||    56
  Use: Scroll            ||     3
       Potion            ||     1
 Stab: Sleeping          ||     1
Armor: Robe              ||    40
Dodge: Dodged            ||   105

Table legend: (Time is in decaauts)
 A = Elapsed time spent in this place.
 B = Non-inter-level travel time spent in this place.
 C = Inter-level travel time spent in this place.
 D = Time resting spent in this place.
 E = Time spent auto-exploring this place.
 F = Levels seen in this place.
 G = Mean time per level.
                   A        B        C        D        E       F      G
               +--------+--------+--------+--------+--------+-----+--------+
         Total |   2045 |   2020 |     25 |      0 |   1667 |   3 |  681.7 |
       Dungeon |   2045 |   2020 |     25 |      0 |   1667 |   3 |  681.7 |
               +--------+--------+--------+--------+--------+-----+--------+

Top non-repeatable levels by time:
     D:1: 1658 daAuts
     D:2: 385 daAuts
     D:3: 1 daAuts
